 Dungeon Crawl Stone Soup version 0.25.1-2-g60ff931df9 (webtiles) character file.

Game seed: 16336193283305869760

226 miket3c the Chopper (level 5, -2/47 HPs)
             Began as a Minotaur Berserker on Oct 1, 2020.
             Was a Priest of Trog.
             Killed from afar by an orc wizard (9 damage)
             ... with a magic dart
             ... on level 3 of the Dungeon.
             The game lasted 00:04:03 (2869 turns).

miket3c the Chopper (Minotaur Berserker)            Turns: 2869, Time: 00:04:03

Health: -2/47      AC:  6    Str: 22    XL:     5   Next: 69%
Magic:  4/4        EV: 12    Int:  4    God:    Trog [***...]
Gold:   140        SH:  0    Dex: 10    Spells: 4/4 levels left

rFire    . . .     SeeInvis .   a - +0 hand axe
rCold    . . .     Gourm    .   (no shield)
rNeg     . . .     Faith    .   e - +0 ring mail
rPois    .         Spirit   .   (helmet restricted)
rElec    .         Reflect  .   n - +0 cloak
rCorr    .         Harm     .   (no gloves)
MR       .....                  (no boots)
Stlth    ..........             (no amulet)
HPRegen  0.15/turn              (no ring)
MPRegen  0.09/turn              (no ring)

@: no status effects
A: retaliatory headbutt, horns 2
a: Berserk, Trog's Hand, Renounce Religion


You were on level 3 of the Dungeon.
You worshipped Trog.
Trog was most pleased with you.
You were not hungry.

You visited 1 branch of the dungeon, and saw 3 of its levels.

You collected 140 gold pieces.

Inventory:

Hand Weapons
 a - a +0 hand axe (weapon)
Missiles
 o - 7 javelins (quivered)
 p - 2 atropa-tipped darts
 q - 38 poisoned darts
 w - 50 stones
Armour
 b - a +0 animal skin
 e - a +0 ring mail (worn)
 n - a +0 cloak (worn)
Jewellery
 j - an uncursed ring of see invisible {unknown}
Scrolls
 g - a scroll of noise {unknown}
 i - a scroll of random uselessness {unknown}
 k - 5 scrolls of identify {unknown}
 r - a scroll of remove curse {unknown}
 s - 2 scrolls of teleportation {unknown}
 u - a scroll of fog {unknown}
Potions
 d - 2 potions of berserk rage {unknown}
 f - a potion of might {unknown}
 h - a potion of flight {unknown}
 l - a potion of curing {unknown}
 m - a potion of magic {unknown}
 t - 2 potions of mutation {unknown}
Comestibles
 c - 12 rations
 v - 11 chunks of flesh


   Skills:
 + Level 4.7 Fighting
 * Level 6.3 Axes
 + Level 3.5 Armour
 + Level 2.9 Dodging


You had 4 spell levels left.
You didn't know any spells.
Your spell library was empty.

Dungeon Overview and Level Annotations

Branches:
Dungeon (3/15)

Altars:
Xom


Innate Abilities, Weirdness & Mutations

You reflexively headbutt those who attack you in melee.
You have a pair of horns on your head.


Message History

The orc priest is almost dead.
The orc wizard casts a spell.
The orc wizard blinks!
The orc priest looks braver for a moment.
You hit the orc priest but do no damage.
The orc priest is almost dead.
You miss the orc wizard. The orc wizard casts a spell at you.
The magic dart hits you.
The orc priest hits you with a +0 flail!
You barely miss the orc priest.
The orc priest is almost dead.
You hit the orc wizard but do no damage.
The orc wizard hits you with a +0 dagger.
The orc priest calls down the wrath of Beogh upon you.
Beogh smites you!
* * * LOW HITPOINT WARNING * * *
The orc wizard casts a spell at you. The magic dart hits you!
You die...

....... #......
..# ##.#...### #.#
......... #.#
#....### #.#
#....#....#o#
##+#.#.#..#o#
#.#.#.#..#o#
#.#)#.#..#@#
#.#÷#.#..#o#
#######.#.#.#..#.#
............#..#.#
#######.#†###..#.#
# #<#........# #
#.########## # #.#
# #.#


You could see an orc priest, an orc wizard (fast) and 2 orcs.

Vanquished Creatures
  A bullfrog skeleton (D:2)
  A worker ant (D:3)
  3 gnolls (D:3)
  5 adders
  An ooze (D:1)
  2 worms
  A dart slug (D:1)
  4 leopard geckos
  6 orcs (D:3)
  3 ball pythons
  3 bats
  6 giant cockroaches
  8 goblins
  3 hobgoblins
  5 jackals
  2 quokkas
  6 frilled lizards
  12 kobolds
  9 rats
81 creatures vanquished.

Notes
Turn   | Place    | Note
-------+----------+-------------------------------------------
     0 | D:1      | miket3c the Minotaur Berserker began the quest for the Orb.
     0 | D:1      | Reached XP level 1. HP: 19/19 MP: 0/0
   134 | D:1      | Reached skill level 4 in Axes
   156 | D:1      | Reached XP level 2. HP: 27/27 MP: 1/1
   496 | D:1      | Reached XP level 3. HP: 31/33 MP: 2/2
  1335 | D:2      | Reached ** piety under Trog
  1338 | D:2      | Reached skill level 5 in Axes
  1369 | D:2      | Reached XP level 4. HP: 41/41 MP: 3/3
  1714 | D:3      | Found a shimmering altar of Xom.
  1894 | D:3      | Reached XP level 5. HP: 42/47 MP: 4/4
  2332 | D:3      | Reached skill level 6 in Axes
  2762 | D:3      | Reached *** piety under Trog
  2869 | D:3      | Killed from afar by an orc wizard

Illustrated notes

Levels and vault maps discovered:
D:1:      matt_arrival_spirals, layout_basic
D:2:      layout_loops_ring, minmay_statues_item
D:3:      minmay_skewed_foursquare, layout_basic, hangedman_feature_mirror,
          xom_teletrap_fun

Skill      XL: |  1  2  3  4  5 |
---------------+----------------+-----
Axes           | 4 5 6 |  6.3
Fighting       | 4 |  4.7
Armour         | 3 |  3.5
Dodging        | |  2.9

Action                   |  1- 3 |  4- 6 || total
-------------------------+-------+-------++-------
Melee: Hand axe          |    83 |   108 ||   191
       Headbutt          |    11 |    10 ||    21
  Eat: Chunk             |     1 |     5 ||     6
Armor: Ring mail         |    36 |    26 ||    62
Dodge: Dodged            |    51 |    56 ||   107
